 Dungeon Crawl Stone Soup version 0.20.0-15-g7f486f2 (webtiles) character file.

120 robba the Digger (level 4, -6/26 HPs)
             Began as a Deep Elf Earth Elementalist on June 26, 2017.
             Killed by divine providence
             ... invoked by an orc priest
              (13 damage)
             ... while paralysed
             ... on level 4 of the Dungeon.
             The game lasted 00:19:48 (3218 turns).

robba the Digger (Deep Elf Earth Elementalist)      Turns: 3218, Time: 00:19:53

Health: -6/26      AC:  3    Str:  5      XL:     4   Next: 75%
Magic:  1/12       EV:  2    Int: 19 (21) God:
Gold:   144        SH:  0    Dex: 15      Spells: 6/11 levels left

rFire    . . .     SeeInvis .   m - -3 whip (curse)
rCold    + . .     Gourm    .   (no shield)
rNeg     . . .     Faith    .   n - +0 leather armour
rPois    .         Spirit   .   (no helmet)
rElec    .         Reflect  .   (no cloak)
rCorr    .         Harm     .   (no gloves)
MR       +....                  (no boots)
Stlth    ++........             (no amulet)
Regen    0.1/turn               s - ring of protection from cold
MPRegen  0.2/turn               (no ring)

@: paralysed, berserk cooldown, slowed
A: magic resistance 1, robust 1
a: no special abilities


You were on level 4 of the Dungeon.
You were hungry.

You visited 1 branch of the dungeon, and saw 4 of its levels.

You collected 144 gold pieces.

Inventory:

Hand Weapons
 b - a +0 blowgun
 g - a +0 short sword
 l - a +1 mace
 m - a cursed -3 whip (weapon)
Missiles
 a - 5 poisoned tomahawks (quivered)
 i - 58 sling bullets
 p - 8 poisoned needles
 q - 6 stones
Armour
 c - a +0 robe
 f - a +0 ring mail
 n - a +0 leather armour (worn)
Jewellery
 s - a ring of protection from cold (left hand)
Books
 e - a book of Geomancy

   Spells                             Type                      Level
   a - Sandblast                      Earth                        1
   b - Passwall                       Transmutation/Earth          2
   c - Stone Arrow                    Conjuration/Earth            3
   d - Petrify                        Transmutation/Earth          4
   e - Lee's Rapid Deconstruction     Earth                        5
 j - a book of Minor Magic

   Spells                             Type                      Level
   a - Magic Dart                     Conjuration                  1
   b - Blink                          Translocation                2
   c - Call Imp                       Summoning                    2
   d - Slow                           Hexes                        2
   e - Conjure Flame                  Conjuration/Fire             3
   f - Mephitic Cloud                 Conjuration/Poison/Air       3
Comestibles
 d - 2 bread rations
 h - 3 fruits
 o - a meat ration
 r - a royal jelly


   Skills:
 * Level 1.1 Maces & Flails
 + Level 0.4 Armour
 + Level 2.7 Dodging
 + Level 2.8 Stealth
 + Level 4.3 Spellcasting
 + Level 0.2 Conjurations
   Level 1.1 Transmutations
 + Level 4.5 Earth Magic


You had 6 spell levels left.
You knew the following spells:

 Your Spells              Type           Power        Failure   Level  Hunger
a - Sandblast             Erth           ###...       3%          1    None
b - Magic Dart            Conj           #...         21%         1    None
c - Stone Arrow           Conj/Erth      ##....       26%         3    ###....


Dungeon Overview and Level Annotations

Branches:
Dungeon (4/15)
 Temple: D:4-7

Altars:


Innate Abilities, Weirdness & Mutations

You are resistant to hostile enchantments. (MR+)
You are robust. (+10% HP)


Message History

Confirm with . or Enter, or press ? or * to list all spells.
You don't have enough magic to cast that spell.
As you read the scroll labeled HICUUMP ZORAS, it crumbles to dust.
You hear a loud clanging noise!
It was a scroll of noise.
It was a potion of berserk rage.
A red film seems to cover your vision as you go berserk!
You feel yourself moving faster!
You feel mighty!
You feel a strong urge to attack something.
The orc priest hits you with a flail.
* * * LOW HITPOINT WARNING * * *
You feel your anger subside.
A quokka skeleton comes into view.
You are no longer berserk.
You pass out from exhaustion.
You feel yourself slow down.
The orc priest invokes the aid of Beogh against you.
Beogh smites you!
Ouch! That really hurt!
You die...

........'..+ ...........#
###.....#..##..##..##'####
#.....#..##..#####.....#
#.....#..##.... #.....#
###.....#........ #.....#
..#.....#..##..#####.....########
..#.....#'### ##....#####........
..#......(..# #..o.'..)'........
..'.........+ +@.o.#...#........
..#.........# #....#...#........
..#.............#########.....)..
######+#........# #........
#........# #........ #........#
######### #..Z.....# #........#


You could see an orc priest and an orc.

Vanquished Creatures
  A hound skeleton (D:4)
  3 adders (D:3)
  3 worms
  2 dart slugs
  3 leopard geckos
  6 orcs
  A giant cockroach (D:3)
  9 goblins
  4 hobgoblins
  5 jackals (D:3)
  2 quokkas
  2 ball pythons (D:1)
  3 bats (D:3)
  4 frilled lizards
  5 kobolds
  6 rats
59 creatures vanquished.

Notes
Turn   | Place    | Note
-------+----------+-------------------------------------------
     0 | D:1      | robba the Deep Elf Earth Elementalist began the quest for the Orb.
     0 | D:1      | Reached XP level 1. HP: 10/10 MP: 6/6
   262 | D:1      | Reached XP level 2. HP: 15/15 MP: 6/8
  1096 | D:2      | Reached XP level 3. HP: 19/19 MP: 7/9
  2089 | D:3      | Reached skill level 1 in Maces & Flails
  2226 | D:3      | Learned a level 1 spell: Magic Dart
  2337 | D:3      | Reached XP level 4. HP: 19/24 MP: 8/11
  2345 | D:3      | Learned a level 3 spell: Stone Arrow
  3004 | D:4      | Gained mutation: You are resistant to hostile enchantments. (MR+) [potion of mutation]
  3004 | D:4      | Gained mutation: You are robust. (+10% HP) [potion of mutation]
  3218 | D:4      | Killed from afar by an orc priest

Skill      XL: |  1  2  3  4 |
---------------+-------------+-----
Earth Magic    | 4 |  4.5
Maces & Flails | 1 |  1.1
Spellcasting   | 4 |  4.3
Armour         | |  0.4
Dodging        | |  2.7
Stealth        | |  2.8
Conjurations   | |  0.2
Transmutations | |  1.1

Action                   |  1- 3 |  4- 6 || total
-------------------------+-------+-------++-------
Melee: Unarmed           |     3 |       ||     3
       Dagger            |     2 |       ||     2
       Short sword       |     1 |       ||     1
       Whip              |    19 |       ||    19
 Cast: Sandblast         |    69 |     8 ||    77
       Stone Arrow       |       |    14 ||    14
  Use: Scroll            |     2 |     2 ||     4
       Potion            |     4 |     3 ||     7
  Eat: Chunk             |     4 |     3 ||     7
Armor: Robe              |     2 |       ||     2
       Leather armour    |     4 |     2 ||     6
Dodge: Dodged            |    24 |    11 ||    35
